 Dungeon Crawl Stone Soup version 0.25-a0-576-g50b708a4c4 (webtiles) character file.

Game seed: 14062208860187724879, levelgen mode: deterministic

17 Flugslaktarn the Covered (level 2, -3/27 HPs)
             Began as a Deep Dwarf Fighter on Mar 1, 2020.
             Slain by a gnoll
             ... wielding a +0 spear
              (5 damage)
             ... on level 3 of the Dungeon.
             The game lasted 00:00:19 (193 turns).

Flugslaktarn the Covered (Deep Dwarf Fighter)        Turns: 193, Time: 00:00:19

Health: -3/27      AC: 10    Str: 19    XL:     2   Next: 44%
Magic:  2/2        EV:  7    Int:  8    God:
Gold:   0          SH:  9    Dex: 12    Spells: 1/1 levels left

rFire    . . .     SeeInvis .   a - +0 war axe
rCold    . . .     Gourm    .   c - +0 kite shield
rNeg     . . .     Faith    .   b - +0 scale mail
rPois    .         Spirit   .   (no helmet)
rElec    .         Reflect  .   g - +2 cloak
rCorr    .         Harm     .   (no gloves)
MR       .....                  (no boots)
Stlth    ..........             (no amulet)
HPRegen  0.00/turn              (no ring)
MPRegen  0.08/turn              (no ring)

@: non-regenerating
A: damage resistance, heal wounds, sense surroundings 1, no regeneration
a: Heal Wounds


You were on level 3 of the Dungeon.
You were not hungry.

You visited 1 branch of the dungeon, and saw 3 of its levels.

Inventory:

Hand Weapons
 a - a +0 war axe (weapon)
Armour
 b - a +0 scale mail (worn)
 c - a +0 kite shield (worn)
 g - a +2 cloak (worn)
   (You found it on level 1 of the Dungeon)
Scrolls
 h - a scroll of magic mapping {unknown}
Potions
 d - 2 potions of might
Comestibles
 e - a ration
 f - 6 chunks of flesh


   Skills:
 + Level 2.9 Fighting
 * Level 2.7 Axes
 + Level 3.5 Armour
 + Level 3.5 Shields


You had one spell level left.
You didn't know any spells.
Your spell library was empty.

Dungeon Overview and Level Annotations

Branches:
Dungeon (3/15)

Altars:


Innate Abilities, Weirdness & Mutations

You are resistant to damage.
You can heal yourself by infusing magical energy.
You passively map a small area around you.
You do not regenerate.


Message History

You block the gnoll's attack. The gnoll barely misses you.
The gnoll hits you with a +0 spear.
You feel much better. You block the gnoll's attack.
The orc hits you with a +0 morningstar! The gnoll hits you with a +0 spear.
The gnoll hits you with a +0 halberd.
You closely miss the orc.
The orc is severely wounded.
You closely miss the gnoll.
Your shield and scale mail prevent you from hitting the gnoll.
The gnoll barely misses you. The gnoll hits you but does no damage.
The orc hits you but does no damage. The gnoll barely misses you.
You closely miss the orc.
The orc is severely wounded.
You hit the gnoll but do no damage. You slash the gnoll!
The gnoll hits you from afar with a +0 spear.
The gnoll closely misses you. You block the orc's attack.
The gnoll hits you with a +0 halberd!
* * * LOW HITPOINT WARNING * * *
The gnoll closely misses you. The gnoll hits you with a +0 spear!
You die...

* , #..* **.# *
.#..# . , , ,
....,##. *
,,...##.. * .
#..#.# ####.. ,
,
...#..#.##......
, ......gg@...#*
..###.o†g..#*
##.....## , , ,
#r.<...# ,
...)....#### ,
,........# ,
...#..... , ,
......... ,
>.........*


You could see 3 gnolls, an orc and a rat.

Vanquished Creatures
  A leopard gecko (D:2)
  A bat (D:2)
  A giant cockroach (D:1)
  2 hobgoblins (D:1)
  3 jackals (D:1)
  A kobold (D:1)
  A ball python (D:2)
  3 frilled lizards
  A goblin (D:2)
  A rat (D:1)
15 creatures vanquished.

Notes
Turn   | Place    | Note
-------+----------+-------------------------------------------
     0 | D:1      | Flugslaktarn the Deep Dwarf Fighter began the quest for the
                  | Orb.
     0 | D:1      | Reached XP level 1. HP: 20/20 MP: 1/1
   123 | D:1      | Reached XP level 2. HP: 22/27 MP: 2/2
   183 | D:3      | HP: 1/27 [gnoll/+0 spear (7)]
   193 | D:3      | Slain by a gnoll

Levels and vault maps discovered:
D:1:      minmay_arrival_cross, layout_loops_corners
D:2:      layout_basic, st_stairs_6
D:3:      layout_rooms, gammafunk_temple_overflow_wave

Action                   || total
-------------------------++-------
Melee: War axe           ||    38
 Abil: Heal Wounds       ||     2
Armor: Scale mail        ||    35
Dodge: Dodged            ||    28
Block: Kite shield       ||    37

Table legend:
 A = Non-vault XP
 B = Vault XP
 C = Vault XP percentage of total XP
 D = Non-vault monster count
 E = Vault monster count
 F = Vault count percentage of total count
                 A         B        C        D         E       F
            +---------+---------+-------+---------+---------+-------
      Total |      22 |       3 |  12.0 |      14 |       1 |   6.7
            +---------+---------+-------+---------+---------+-------
        D:1 |      16 |       0 |   0.0 |       9 |       0 |   0.0
        D:2 |       5 |       3 |  37.5 |       4 |       1 |  20.0
        D:3 |       1 |       0 |   0.0 |       1 |       0 |   0.0
            +---------+---------+-------+---------+---------+-------
